 Seeded DCSS version 0.29.1-15-g9cfb28693d (webtiles) character file.

Game seed: 15851554773747161596 (custom seed)

4 bmack86 the Shield-Bearer (level 1, -3/20 HPs)
             Began as a Minotaur Fighter on Mar 17, 2023.
             Frozen to death by an endoplasm (5 damage)
             ... on level 1 of the Dungeon.
             The game lasted 00:00:15 (51 turns).

bmack86 the Shield-Bearer (Minotaur Fighter)          Turns: 51, Time: 00:00:16

Health: -3/20      AC:  7    Str: 20    XL:     1   Next: 50%
Magic:  0/0        EV:  9    Int:  5    God:
Gold:   6          SH:  4    Dex:  9    Spells: 0/0 levels left

rFire   . . .      SeeInvis .   a - +0 war axe
rCold   . . .      Faith    .   c - +0 buckler
rNeg    . . .      Spirit   .   b - +0 scale mail
rPois   .          Reflect  .   (helmet restricted)
rElec   .          Harm     .   (no cloak)
rCorr   .          Rampage  .   (no gloves)
Will    .....                   (no boots)
Stlth   ..........              (no amulet)
HPRegen 0.06/turn               (no ring)
MPRegen 0.07/turn               (no ring)

@: very slow
A: horns 2, retaliatory headbutt
a: no special abilities


You were on level 1 of the Dungeon.
You visited 1 branch of the dungeon, and saw 1 of its levels.

You collected 6 gold pieces.

Inventory:

Hand Weapons
 a - a +0 war axe (weapon)
Armour
 b - a +0 scale mail (worn)
 c - a +0 buckler (worn)
Potions
 d - a potion of might


   Skills:
 + Level 3.7 Fighting
 * Level 2.6 Axes
 + Level 3.7 Armour
 + Level 3.7 Shields


You couldn't memorise any spells.
You didn't know any spells.
Your spell library was empty.

Dungeon Overview and Level Annotations

Branches:
Dungeon (1/15)

Altars:


Innate Abilities, Weirdness & Mutations

You have a pair of horns on your head.
You reflexively headbutt those who attack you in melee.


Message History

The plant begins to die.
The jackal bites you but does no damage.
A nearby plant withers and dies. x2; The jackal bites you.
The jackal barely misses you. You furiously retaliate!
You headbutt the jackal.
You see here a jackal corpse.
The jackal splashes around in the water. x3
The jackal bites you.
The endoplasm splashes around in the water.
The jackal barely misses you.
You closely miss the jackal. You headbutt the jackal.
You kill the jackal!
You slash the plant!
The plant begins to die.
You hit the endoplasm but do no damage. You barely miss the jackal.
A nearby plant withers and dies.
The jackal splashes around in the water.
The endoplasm freezes you.
You are frozen.
The jackal bites you.
The jackal splashes around in the water.
The endoplasm freezes you.
You are frozen.
The jackal bites you but does no damage.
The endoplasm hits you but does no damage.
You see here a jackal corpse.
Your unstable footing causes you to fumble your attack.
The jackal misses you. The jackal bites you. The endoplasm freezes you.
You are frozen.
* * * LOW HITPOINT WARNING * * *
You closely miss the jackal. Your headbutt misses the jackal.
The jackal is almost dead.
You hit the endoplasm. You slash the plant!
The plant begins to die.
You hit the plant.
The plant begins to die.
A nearby plant withers and dies.
The jackal splashes around in the water.
The endoplasm freezes you.
You are frozen.
* * * LOW HITPOINT WARNING * * *
The jackal misses you. The endoplasm freezes you.
You are frozen.
You die...

#.. ~ ##.# P♣≈ #..#
.PP♣ #..## ##~P♣
##### #...###P.PP♣
#...# #.#..P..~~♣ ~
#...#####.#~.~~~~♣PPP
#.........~~†~♣~~~~..
#...#####.~~h@J.~~...
#...##...#~~P~P~###..
#....#+#..P~P~.....
##.###.#########.#..#
####...##.# ..)##
......###.# ...
#####..##.## .... .##
####...## ### ..#
##..⌠..##


You could see an endoplasm and a jackal.

Vanquished Creatures
  A hobgoblin (D:1)
  2 jackals (D:1)
3 creatures vanquished.

Vanquished Creatures (others)
  12 plants (D:1)
12 creatures vanquished.

Grand Total: 15 creatures vanquished

Notes
Turn   | Place    | Note
-------+----------+-------------------------------------------
     0 | D:1      | bmack86 the Minotaur Fighter began the quest for the Orb.
     0 | D:1      | Reached XP level 1. HP: 19/19 MP: 0/0
    51 | D:1      | Frozen to death by an endoplasm

Illustrated notes

Levels and vault maps discovered:
D:1:      evilmike_arrival_plus, layout_rooms,
          shapermc_ecumenical_altar_hornbeckon, dreamdust_wishing_well,
          serial_bayou_lagoon_a, hangedman_abyss_or_decor_lesser_grid

Action                   || total
-------------------------++-------
Melee: War axe           ||     7
       Headbutt          ||     1
Armor: Scale mail        ||     3
Dodge: Dodged            ||     5
Block: Buckler           ||     1
